ITL
HAVANA ROLLERS @ DETROIT X-WINGS
09/11/2030
 
TOP OF THE 1ST
Havana Rollers batting - Pitching for Detroit X-Wings : RHP Júlio Ruíz
Pitching: RHP Júlio Ruíz
Batting: LHB José Torres 0-0: Foul Ball, location: 2F
0-1: Fly out, F3 (Line Drive, 34)
Batting: RHB Ken MacDonald 0-0: Ball
1-0: Called Strike
1-1: Swinging Strike
1-2: Strikes out swinging
Batting: RHB Tommy Davenport 0-0: Called Strike
0-1: Ball
1-1: Ball
2-1: Ball
3-1: SINGLE (Groundball, 6D)
Batting: RHB Soshu Nakamura 0-0: Called Strike
0-1: Foul Ball, location: 2F
0-2: Ball
1-2: Foul Ball, location: 2F
1-2: 2-RUN HOME RUN (Flyball, 7LD), Distance : 369 ft
Batting: RHB Bill Little 0-0: Ball
1-0: Foul Ball, location: 2F
1-1: Ball
2-1: Ball
3-1: Called Strike
3-2: Ground out 4-3 (Groundball, 4M)
Top of the 1st over - 2 runs, 2 hits, 0 errors, 0 left on base; Havana 2 - Detroit 0
BOTTOM OF THE 1ST
Detroit X-Wings batting - Pitching for Havana Rollers : RHP Bob Holland
Pitching: RHP Bob Holland
Batting: SHB Jason Mason 0-0: Foul Ball, location: 2F
0-1: Ball
1-1: Ground out 5-3 (Groundball, 5)
Batting: RHB José Pérez 0-0: Ball
1-0: Ball
2-0: Swinging Strike
2-1: Ball
3-1: Ground out 1-3 (Groundball, P)
Batting: LHB Juan Jose Pineda 0-0: Swinging Strike
0-1: Ball
1-1: Ball
2-1: Ball
3-1: Ground out 4-3 (Groundball, 4)
Bottom of the 1st over - 0 runs, 0 hits, 0 errors, 0 left on base; Havana 2 - Detroit 0
TOP OF THE 2ND
Havana Rollers batting - Pitching for Detroit X-Wings : RHP Júlio Ruíz
Batting: LHB Shiro Ueno 0-0: Called Strike
0-1: Ball
1-1: Ball
2-1: Ball
3-1: Called Strike
3-2: Fly out, F8 (Flyball, 8LM)
Batting: RHB Paul Bailey 0-0: Ball
1-0: Ball
2-0: Ground out U3 (Groundball, 34)
Batting: RHB Luis Aguilar 0-0: Ball
1-0: Ball
2-0: Ground out 3-1 (Groundball, 34S)
Top of the 2nd over - 0 runs, 0 hits, 0 errors, 0 left on base; Havana 2 - Detroit 0
BOTTOM OF THE 2ND
Detroit X-Wings batting - Pitching for Havana Rollers : RHP Bob Holland
Batting: LHB Curt Walker 0-0: Fly out, F7 (Line Drive, 7D)
Batting: RHB Enrique Aguilar 0-0: Ground out 4-3 (Groundball, 4)
Batting: SHB Felipe Detorres 0-0: Called Strike
0-1: Foul Ball, location: 2F
0-2: Ball
1-2: Ball
2-2: Fly out, F8 (Line Drive, 8LS)
Bottom of the 2nd over - 0 runs, 0 hits, 0 errors, 0 left on base; Havana 2 - Detroit 0
TOP OF THE 3RD
Havana Rollers batting - Pitching for Detroit X-Wings : RHP Júlio Ruíz
Batting: RHB Chad Case 0-0: Foul Ball, location: 2F
0-1: Ball
1-1: SINGLE (Groundball, 4D)
Batting: LHB José Torres 0-0: Ball
1-0: SINGLE (Groundball, 34D)
Chad Case to second
Runner from 2nd tries for 3rd, SAFE, no throw
Batting: RHB Ken MacDonald 0-0: Called Strike
0-1: Swinging Strike
0-2: Strikes out looking
Batting: RHB Tommy Davenport 0-0: Ball
1-0: Ball
2-0: Ball
3-0: Base on Balls
José Torres to second
Batting: RHB Soshu Nakamura 0-0: Ball
1-0: Called Strike
1-1: Foul Ball, location: 2F
1-2: Strikes out swinging
Batting: RHB Bill Little 0-0: Called Strike
0-1: Ball
1-1: Ground out 5-3 (Groundball, 56S)
Top of the 3rd over - 0 runs, 2 hits, 0 errors, 3 left on base; Havana 2 - Detroit 0
BOTTOM OF THE 3RD
Detroit X-Wings batting - Pitching for Havana Rollers : RHP Bob Holland
Batting: RHB Alfredo Villegas 0-0: Ball
1-0: Called Strike
1-1: Ball
2-1: Foul Ball, location: 2F
2-2: Strikes out swinging
Batting: LHB Leslie Adams 0-0: Ball
1-0: Called Strike
1-1: Called Strike
1-2: SINGLE (Groundball, 56D)
Batting: RHB Daniel Riddle 0-0: Ball
1-0: Ball
2-0: Called Strike
2-1: Called Strike
2-2: Strikes out looking
Batting: SHB Jason Mason 0-0: Ball
1-0: Foul Ball, location: 2F
1-1: Called Strike
1-2: Foul Ball, location: 2F
1-2: Ground out 4-3 (Groundball, 34D)
Bottom of the 3rd over - 0 runs, 1 hit, 0 errors, 1 left on base; Havana 2 - Detroit 0
TOP OF THE 4TH
Havana Rollers batting - Pitching for Detroit X-Wings : RHP Júlio Ruíz
Batting: LHB Shiro Ueno 0-0: Swinging Strike
0-1: Called Strike
0-2: Ball
1-2: Ball
2-2: Ball
3-2: Base on Balls
Batting: RHB Paul Bailey 0-0: Ball
1-0: Ball
2-0: Called Strike
2-1: Grounds into double play, 3-6-3 (Groundball, 3)
Batting: RHB Luis Aguilar 0-0: Ball
1-0: Called Strike
1-1: Ground out 5-3 (Groundball, 5L)
Top of the 4th over - 0 runs, 0 hits, 0 errors, 0 left on base; Havana 2 - Detroit 0
BOTTOM OF THE 4TH
Detroit X-Wings batting - Pitching for Havana Rollers : RHP Bob Holland
Batting: RHB José Pérez 0-0: Called Strike
0-1: Foul Ball, location: 2F
0-2: Ball
1-2: Ball
2-2: Ball
3-2: Strikes out swinging
Batting: LHB Juan Jose Pineda 0-0: Swinging Strike
0-1: Ball
1-1: Ball
2-1: Ball
3-1: Base on Balls
Batting: LHB Curt Walker 0-0: Ball
1-0: Ball
2-0: Ball
3-0: Base on Balls
Juan Jose Pineda to second
Batting: RHB Enrique Aguilar 0-0: Ball
1-0: Called Strike
1-1: Foul Ball, location: 2F
1-2: Foul Ball, location: 2F
1-2: Ball
2-2: Grounds into double play, 5-4-3 (Groundball, 56)
Bottom of the 4th over - 0 runs, 0 hits, 0 errors, 1 left on base; Havana 2 - Detroit 0
TOP OF THE 5TH
Havana Rollers batting - Pitching for Detroit X-Wings : RHP Júlio Ruíz
Batting: RHB Chad Case 0-0: Foul Ball, location: 2F
0-1: Ball
1-1: Ball
2-1: Ball
3-1: Foul Ball, location: 2F
3-2: Foul Ball, location: 2F
3-2: Ground out 6-3 (Groundball, 6)
Batting: LHB José Torres 0-0: Ball
1-0: Swinging Strike
1-1: Ball
2-1: Ball
3-1: Base on Balls
Batting: RHB Ken MacDonald 0-0: Ball
1-0: Ball
2-0: Ball
3-0: Base on Balls
José Torres to second
Batting: RHB Tommy Davenport 0-0: DOUBLE (Line Drive, 89XD)
José Torres scores
Ken MacDonald to third
Batting: RHB Soshu Nakamura 0-0: Fly out, F4 (Popup, 34S)
Batting: RHB Bill Little 0-0: Foul Ball, location: 2F
0-1: Fly out, F9 (Flyball, 89D)
Top of the 5th over - 1 run, 1 hit, 0 errors, 2 left on base; Havana 3 - Detroit 0
BOTTOM OF THE 5TH
Detroit X-Wings batting - Pitching for Havana Rollers : RHP Bob Holland
Batting: SHB Felipe Detorres 0-0: Foul Ball, location: 2F
0-1: SINGLE (Line Drive, 3S)
Batting: RHB Alfredo Villegas 0-0: Called Strike
0-1: Ball
Throwing error on steal attempt, E2
Felipe Detorres to third
1-1: Called Strike
1-2: DOUBLE (Line Drive, 7LM)
Felipe Detorres scores
Batting: LHB Leslie Adams 0-0: SINGLE (Groundball, 34D)
Alfredo Villegas to third
Runner from 3rd tries for Home, SAFE, no throw
Batting: RHB Daniel Riddle 0-0: Fly out, F7 (Flyball, 78D)
Batting: SHB Jason Mason 0-0: Foul Ball, location: 2F
0-1: Fielders Choice at 2nd, 5-4 (Groundball, 56)
Batting: RHB José Pérez 0-0: Called Strike
0-1: Ball
1-1: Ball
2-1: Foul Ball, location: 2F
2-2: Foul Ball, location: 2F
2-2: Ball
3-2: Foul Ball, location: 2F
3-2: SINGLE (Groundball, 34D)
Jason Mason to second
Jason Mason to third
Batting: LHB Juan Jose Pineda 0-0: Called Strike
0-1: Ball
1-1: Foul Ball, location: 2F
1-2: Ball
Wild Pitch!
Jason Mason scores
José Pérez to second
2-2: Foul Ball, location: 2F
2-2: Strikes out swinging
Bottom of the 5th over - 3 runs, 4 hits, 1 error, 1 left on base; Havana 3 - Detroit 3
TOP OF THE 6TH
Havana Rollers batting - Pitching for Detroit X-Wings : RHP Júlio Ruíz
Batting: LHB Shiro Ueno 0-0: Called Strike
0-1: Ball
1-1: Ball
2-1: Fly out, F7 (Line Drive, 78M)
Batting: RHB Paul Bailey 0-0: Called Strike
0-1: Ground out 6-3 (Groundball, 6)
Batting: RHB Luis Aguilar 0-0: Ball
1-0: Ball
2-0: Foul Ball, location: 2F
2-1: Swinging Strike
2-2: Strikes out swinging
Top of the 6th over - 0 runs, 0 hits, 0 errors, 0 left on base; Havana 3 - Detroit 3
BOTTOM OF THE 6TH
Detroit X-Wings batting - Pitching for Havana Rollers : RHP Bob Holland
Batting: LHB Curt Walker 0-0: Ball
1-0: Called Strike
1-1: Fly out, F9 (Flyball, 9LD)
Batting: RHB Enrique Aguilar 0-0: Ball
1-0: SINGLE (Line Drive, 9S)
Batting: SHB Felipe Detorres 0-0: SINGLE (Line Drive, 5D)
Enrique Aguilar to second
Batting: RHB Alfredo Villegas 0-0: Called Strike
0-1: Foul Ball, location: 2F
0-2: Ball
1-2: SINGLE (Groundball, 56D)
Enrique Aguilar to third
Felipe Detorres to second
Batting: LHB Leslie Adams 0-0: Called Strike
0-1: Fly out, F9 (Flyball, 9S)
Batting: RHB Daniel Riddle 0-0: Ball
1-0: Ball
2-0: Called Strike
2-1: SINGLE (Flyball, 7LM)
Enrique Aguilar scores
Felipe Detorres to third
Alfredo Villegas to second
Runner from 3rd tries for Home, SAFE, no throw
Pitching: RHP Gil Dickson
Batting: SHB Jason Mason 0-0: Ball
1-0: Ball
2-0: Called Strike
2-1: Foul Ball, location: 2F
2-2: Ground out 6-3 (Groundball, 6M)
Bottom of the 6th over - 2 runs, 4 hits, 0 errors, 2 left on base; Havana 3 - Detroit 5
TOP OF THE 7TH
Havana Rollers batting - Pitching for Detroit X-Wings : RHP Júlio Ruíz
Batting: RHB Chad Case 0-0: Called Strike
0-1: SINGLE (Groundball, 56D)
Batting: LHB José Torres 0-0: Bunted foul
0-1: Bunt missed!
0-2: Foul Ball, location: 2F
0-2: Ball
1-2: Ball
2-2: TRIPLE (Line Drive, 9D)
Chad Case scores
Pinch Hitting: LHB Enrique Cortéz 0-0: Called Strike
0-1: Ball
1-1: Ball
2-1: Called Strike
2-2: Ball
3-2: Foul Ball, location: 2F
3-2: 2-RUN HOME RUN (Flyball, 9LD), Distance : 344 ft
Batting: RHB Tommy Davenport 0-0: Ball
1-0: Called Strike
1-1: Ball
2-1: Ball
3-1: Fly out, F8 (Line Drive, 8LM)
Batting: RHB Soshu Nakamura 0-0: SOLO HOME RUN (Flyball, 7D), Distance : 393 ft
Batting: RHB Bill Little 0-0: Ball
1-0: Ball
2-0: Fly out, F2 (Popup, 23F)
Batting: LHB Shiro Ueno 0-0: Ball
1-0: Swinging Strike
1-1: Ball
2-1: Ball
3-1: Base on Balls
Batting: RHB Paul Bailey 0-0: Ball
1-0: SINGLE (Line Drive, 4M)
Shiro Ueno to second
Runner from 2nd tries for 3rd, SAFE, no throw
Pinch Hitting: LHB Jimmy Husted 0-0: Called Strike
0-1: Ball
1-1: Ball
2-1: Ground out 5-3 (Groundball, 56S)
Top of the 7th over - 4 runs, 5 hits, 0 errors, 2 left on base; Havana 7 - Detroit 5
BOTTOM OF THE 7TH
Detroit X-Wings batting - Pitching for Havana Rollers : RHP Gil Dickson
Now at 3B: Júlio Valentín
Now in RF: Enrique Cortéz
Batting: RHB José Pérez 0-0: Ball
1-0: Ball
2-0: Ground out 1-3 (Groundball, P)
Batting: LHB Juan Jose Pineda 0-0: Swinging Strike
0-1: Ball
1-1: Ball
2-1: Foul Ball, location: 2F
2-2: Strikes out swinging
Batting: LHB Curt Walker 0-0: Swinging Strike
0-1: Ball
1-1: Foul Ball, location: 2F
1-2: Fly out, F8 (Flyball, 8RS)
Bottom of the 7th over - 0 runs, 0 hits, 0 errors, 0 left on base; Havana 7 - Detroit 5
TOP OF THE 8TH
Havana Rollers batting - Pitching for Detroit X-Wings : RHP Júlio Ruíz
Batting: RHB Chad Case 0-0: Ball
1-0: Foul Ball, location: 2F
1-1: Ball
2-1: Fly out, F8 (Flyball, 89D)
Batting: LHB José Torres 0-0: DOUBLE (Line Drive, 9LM)
Batting: LHB Enrique Cortéz 0-0: Ball
José Torres steals 3rd base
1-0: Ball
2-0: Foul Ball, location: 2F
2-1: SINGLE (Groundball, 4MD)
José Torres scores
Pitching: LHP Clarence Skerratt
Batting: RHB Tommy Davenport 0-0: Foul Ball, location: 2F
0-1: Ball
1-1: 2-RUN HOME RUN (Flyball, 7D), Distance : 384 ft
Batting: RHB Soshu Nakamura 0-0: Foul Ball, location: 2F
0-1: Ball
1-1: Foul Ball, location: 2F
1-2: Strikes out swinging
Batting: RHB Bill Little 0-0: Called Strike
0-1: SINGLE (Groundball, 34D)
Batting: LHB Shiro Ueno 0-0: SINGLE (Groundball, 6D)
Bill Little to second
Batting: RHB Paul Bailey 0-0: Ball
1-0: Ball
2-0: Swinging Strike
2-1: Ball
3-1: Foul Ball, location: 2F
3-2: Base on Balls
Bill Little to third
Shiro Ueno to second
Batting: SHB Júlio Valentín 0-0: Ball
1-0: Ball
2-0: Ball
3-0: Called Strike
3-1: Called Strike
3-2: Foul Ball, location: 2F
3-2: Foul Ball, location: 2F
3-2: Ground out 4-3 (Groundball, 4)
Top of the 8th over - 3 runs, 5 hits, 0 errors, 3 left on base; Havana 10 - Detroit 5
BOTTOM OF THE 8TH
Detroit X-Wings batting - Pitching for Havana Rollers : RHP Gil Dickson
Batting: RHB Enrique Aguilar 0-0: Ball
1-0: Ball
2-0: Fly out, F3 (Popup, 23F)
Batting: SHB Felipe Detorres 0-0: Called Strike
0-1: Swinging Strike
0-2: Foul Ball, location: 2F
0-2: Foul Ball, location: 2F
0-2: Ball
1-2: Strikes out swinging
Batting: RHB Alfredo Villegas 0-0: Fly out, F7 (Line Drive, 7)
Bottom of the 8th over - 0 runs, 0 hits, 0 errors, 0 left on base; Havana 10 - Detroit 5
TOP OF THE 9TH
Havana Rollers batting - Pitching for Detroit X-Wings : LHP Clarence Skerratt
Batting: RHB Chad Case 0-0: Called Strike
0-1: Ball
1-1: Foul Ball, location: 2F
1-2: Foul Ball, location: 2F
1-2: Ball
2-2: Ball
3-2: Base on Balls
Batting: LHB José Torres 0-0: SINGLE (Line Drive, 4MD)
Chad Case to second
Batting: LHB Enrique Cortéz 0-0: Ball
1-0: Ball
2-0: SINGLE (Groundball, 4MD)
Chad Case to third
José Torres to second
Batting: RHB Tommy Davenport 0-0: Called Strike
0-1: SINGLE (Groundball, 6MD)
Chad Case scores
José Torres to third
Enrique Cortéz to second
Runner from 3rd tries for Home, SAFE, no throw
Batting: RHB Soshu Nakamura 0-0: Called Strike
0-1: Foul Ball, location: 2F
0-2: Ball
1-2: Foul Ball, location: 2F
1-2: Ball
2-2: DOUBLE (Line Drive, 78D)
Enrique Cortéz scores
Tommy Davenport to third
Batting: RHB Bill Little 0-0: Called Strike
0-1: SINGLE (Line Drive, 89M)
Tommy Davenport scores
Soshu Nakamura to third
Runner from 3rd tries for Home, SAFE, no throw
Batting: LHB Shiro Ueno 0-0: Called Strike
0-1: SINGLE (Flyball, 7S)
Bill Little to second
Batting: RHB Paul Bailey 0-0: Ball
1-0: Foul Ball, location: 2F
1-1: Ball
2-1: Swinging Strike
2-2: Foul Ball, location: 2F
2-2: Strikes out swinging
Batting: SHB Júlio Valentín 0-0: Ball
1-0: Ball
2-0: Foul Ball, location: 2F
2-1: SINGLE (Line Drive, 7S)
Bill Little to third
Shiro Ueno to second
Runner from 3rd tries for Home, SAFE, throw made home
Batting: RHB Chad Case 0-0: SINGLE (Line Drive, 34D)
Shiro Ueno to third
Júlio Valentín to second
Batting: LHB José Torres 0-0: Foul Ball, location: 2F
0-1: Ball
1-1: DOUBLE (Flyball, 8RXD)
Shiro Ueno scores
Júlio Valentín scores
Chad Case to third
Runner from 3rd tries for Home, SAFE, no throw
Pitching: LHP Jeremy Cox
Batting: LHB Enrique Cortéz 0-0: Ball
José Torres steals 3rd base
1-0: Ball
2-0: Ball
Wild Pitch!
José Torres scores
3-0: Base on Balls
Batting: RHB Tommy Davenport 0-0: Ball
1-0: Ground out 6-3 (Groundball, 6MD)
Enrique Cortéz to second
Batting: RHB Soshu Nakamura 0-0: Called Strike
0-1: Ball
1-1: Ball
2-1: Ball
3-1: Base on Balls
Batting: RHB Bill Little 0-0: Called Strike
0-1: Ball
1-1: SINGLE (Groundball, 6D)
Enrique Cortéz to third
Soshu Nakamura to second
Runner from 3rd tries for Home, SAFE, no throw
Batting: LHB Shiro Ueno 0-0: Ball
1-0: Ball
2-0: Ball
3-0: Called Strike
3-1: Foul Ball, location: 2F
3-2: Base on Balls
Soshu Nakamura to third
Bill Little to second
Batting: RHB Paul Bailey 0-0: Ball
1-0: Ball
2-0: Ground out 5-3 (Groundball, 56S)
Top of the 9th over - 11 runs, 10 hits, 0 errors, 3 left on base; Havana 21 - Detroit 5
BOTTOM OF THE 9TH
Detroit X-Wings batting - Pitching for Havana Rollers : RHP Gil Dickson
Batting: LHB Leslie Adams 0-0: Called Strike
0-1: Ball
1-1: Ball
2-1: Ball
3-1: Swinging Strike
3-2: Foul Ball, location: 2F
3-2: Strikes out looking
Batting: RHB Daniel Riddle 0-0: Fly out, F4 (Popup, 34)
Batting: SHB Jason Mason 0-0: Swinging Strike
0-1: Ball
1-1: Ball
2-1: Ball
3-1: Called Strike
3-2: Fly out, F4 (Flyball, 34D)
Bottom of the 9th over - 0 runs, 0 hits, 0 errors, 0 left on base; Havana 21 - Detroit 5
Saturday, April 7th, 2018 - OOTP Baseball 18.8 Build 76